 Dungeon Crawl Stone Soup version 0.20-a0-1034-gb277f92 (console) character file.

35 nht the Insei (level 3, -2/23 HPs)
             Began as an Octopode Transmuter on Apr 21, 2017.
             Slain by Sigmund
             ... wielding a +0 scythe
              (7 damage)
             ... on level 2 of the Dungeon.
             The game lasted 00:02:07 (1293 turns).

nht the Insei (Octopode Transmuter)                 Turns: 1293, Time: 00:02:07

Health: -2/23      AC:  1    Str:  7 (9)  XL:     3   Next: 35%
Magic:  6/6        EV: 13    Int: 15 (16) God:
Gold:   55         SH:  0    Dex: 11 (12) Spells: 5/6 levels left

rFire    . . .     SeeInvis .     - Unarmed
rCold    . . .     Gourm    .   (no shield)
rNeg     . . .     Faith    .   (helmet restricted)
rPois    .         Spirit   .   (no amulet)
rElec    .         Reflect  .   (no ring)
rCorr    .         Harm     .   (no ring)
MR       .....                  (no ring)
Stlth    ++........             (no ring)
Regen    0.1/turn               (no ring)
MPRegen  0.1/turn               (no ring)
                                (no ring)
                                (no ring)

@: exhausted, appendage (expiring), flying, very slightly contaminated, slowed,
very slow
A: almost no armour, stealthy swim, amphibious, 8 rings, constrict 8, tentacle
spike 3, camouflage 1, gelatinous body 1
a: End Transformation


You were on level 2 of the Dungeon.
You were hungry.
One of your tentacles had a temporary spike.
You visited 1 branch of the dungeon, and saw 2 of its levels.

You collected 55 gold pieces.

Inventory:

Missiles
 a - 12 arrows
Armour
 l - a +0 shield
Wands
 j - a wand of flame (48/48)
Scrolls
 g - a scroll of remove curse
Books
 b - a book of Changes

   Spells                             Type                      Level
   a - Beastly Appendage              Transmutation                1
   b - Sticks to Snakes               Transmutation                2
   c - Spider Form                    Transmutation/Poison         3
   d - Ice Form                       Ice/Transmutation            4
   e - Blade Hands                    Transmutation                5
Comestibles
 c - a bread ration
 n - 3 chunks of flesh


   Skills:
 - Level 1.0 Fighting
 - Level 2.0 Dodging
 * Level 3.7 Unarmed Combat
 - Level 2.0 Spellcasting
 + Level 2.9 Transmutations


You had 5 spell levels left.
You knew the following spells:

 Your Spells              Type           Power        Failure   Level  Hunger
a - Beastly Appendage     Tmut           ##....       7%          1    #......


Dungeon Overview and Level Annotations

Branches:
Dungeon (2/15)

Altars:

Annotations:
D:2 Sigmund


Innate Abilities, Weirdness & Mutations

You cannot wear most types of armour.
You are very stealthy in the water. (Stealth+)
You are amphibious.
You can wear up to eight rings at the same time.
You can use your tentacles to constrict eight enemies at once.
Your skin changes colour to match your surroundings (Stealth+).
Your rubbery body absorbs attacks. (AC +1, EV +1)
One of your tentacles bears a large vicious spike.


Message History

Your tentacle spike misses Sigmund.
Sigmund is lightly wounded.
Sigmund closely misses you.
You closely miss Sigmund. Your grab misses Sigmund.
Sigmund is lightly wounded.
Sigmund closely misses you.
You barely miss Sigmund. You grab Sigmund.
Sigmund is lightly wounded.
You constrict Sigmund, but do no damage.
Sigmund hits you with a scythe.
* * * LOW HITPOINT WARNING * * *
You tentacle-slap Sigmund.
Sigmund is lightly wounded.
Your transformation is almost over.
You constrict Sigmund.
Sigmund mumbles some strange words.
Sigmund flickers and vanishes!
Deactivating autopickup; reactivate with Ctrl-A.
You release your grip on something.
Something hits you!
You die...

█........█ █........█
█........█ █........█
█..÷.....██████
█.█████..██...
██████........██{███████
.....█.███.█............
██.███.█ █.█████@███████
█.███.███.█ █.█
█.█.).....█ █.█
█.<.█████.█ █.█ ██.███
█.█ ...█ █.. ...█ ███
...█ ██.█


There were no monsters in sight!

Vanquished Creatures
  A worm (D:2)
  2 dart slugs (D:2)
  A leopard gecko (D:2)
  A giant cockroach (D:2)
  4 goblins (D:1)
  4 hobgoblins
  A quokka (D:2)
  5 bats
  3 frilled lizards
  2 kobolds (D:1)
  4 rats
28 creatures vanquished.

Notes
Turn   | Place    | Note
-------+----------+-------------------------------------------
     0 | D:1      | nht the Octopode Transmuter began the quest for the Orb.
     0 | D:1      | Reached XP level 1. HP: 13/13 MP: 3/3
   288 | D:1      | Reached XP level 2. HP: 15/18 MP: 3/5
   898 | D:2      | Reached XP level 3. HP: 18/23 MP: 6/6
  1265 | D:2      | Noticed Sigmund
  1293 | D:2      | Slain by Sigmund

Vault maps used:
D:1:      minmay_arrival_open_corners
D:2:      minmay_misc_feat_encased, uniq_sigmund

Action                   || total
-------------------------++-------
Melee: Unarmed           ||    65
       Kick              ||    10
       Tentacles         ||     5
       Constrict         ||    11
       Punch             ||     3
 Cast: Beastly Appendage ||    22
  Use: Potion            ||     5
       Scroll            ||     4
 Stab: Sleeping          ||     7
       Invisible         ||     1
  Eat: Chunk             ||     1
Armor: Skin              ||     5
Dodge: Dodged            ||    31
